 Dungeon Crawl Stone Soup version 0.30-a0-632-g346586fe48 (webtiles) character file.

Game seed: 13691680787109988625

9 Leeroy the Slasher (level 2, 0/17 HPs)
             Began as a Tengu Warper on Jan 13, 2023.
             Slain by a quokka (3 damage)
             ... on level 1 of the Dungeon.
             The game lasted 00:00:22 (137 turns).

Leeroy the Slasher (Tengu Warper)                    Turns: 137, Time: 00:00:22

Health: 0/17       AC:  4    Str: 11    XL:     2   Next: 12%
Magic:  6/6        EV: 11    Int: 13    God:
Gold:   19         SH:  0    Dex: 13    Spells: 5/5 levels left

rFire   . . .      SeeInvis .    a - +0 falchion
rCold   . . .      Faith    .    (no shield)
rNeg    . . .      Spirit   .    b - +0 leather armour
rPois   .          Reflect  .    (helmet restricted)
rElec   .          Harm     .    (no cloak)
rCorr   .          Rampage  .    f - +0 pair of gloves
Will    .....                    (boots unavailable)
Stlth   +                        (no amulet)
HPRegen 0.22/turn                (no ring)
MPRegen 0.10/turn                (no ring)

@: no status effects
A: beak, talons 3
a: no special abilities


You were on level 1 of the Dungeon.
You visited 1 branch of the dungeon, and saw 1 of its levels.

You collected 19 gold pieces.

Inventory:

Hand Weapons
 a - a +0 falchion (weapon)
Missiles
 d - 7 boomerangs of dispersal (quivered)
Armour
 b - a +0 leather armour (worn)
 f - a +0 pair of gloves (worn)
Jewellery
 g - a +6 ring of intelligence
Scrolls
 c - a scroll of blinking
Potions
 e - 2 potions of mutation {unknown}


   Skills:
 - Level 2.0 Fighting
 + Level 3.1 Long Blades
 - Level 1.0 Throwing
 - Level 1.1 Armour
 - Level 2.1 Dodging
 - Level 2.0 Spellcasting
 - Level 2.4 Translocations


You had 5 spell levels left.
You didn't know any spells.
Your spell library contained the following spells:

 Spells                   Type           Power      Damage    Failure   Level
 Blink                    Tloc           14%        N/A       19%         2
 Lesser Beckoning         Tloc           14%        N/A       36%         3
 Teleport Other           Tloc           7%         N/A       36%         3
 Vhi's Electric Charge    Tloc/Air       8%         N/A       52%         3
 Manifold Assault         Tloc           7%         N/A       77%         4


Dungeon Overview and Level Annotations

Branches:
Dungeon (1/15)

Altars:


Innate Abilities, Weirdness & Mutations

You have a beak for a mouth.
You have claws for feet.


Message History

You closely miss the jackal.
The frilled lizard hisses angrily.
The jackal completely misses you.
The jackal bites you but does no damage.
You closely miss the quokka. You claw the quokka.
The quokka is heavily wounded.
The jackal bites you but does no damage.
The quokka misses you.
The jackal bites you but does no damage.
You barely miss the quokka.
The quokka is heavily wounded.
The quokka bites you but does no damage.
The jackal bites you but does no damage.
The quokka bites you.
You hit the quokka but do no damage. Your peck misses the quokka.
The quokka is heavily wounded.
The jackal misses you. The quokka misses you.
The jackal bites you but does no damage.
You hit the quokka but do no damage. Your kick misses the quokka.
The quokka is heavily wounded.
The quokka bites you but does no damage.
The jackal bites you but does no damage.
The jackal bites you. The quokka bites you.
You are too injured to fight recklessly!
You are too injured to fight recklessly!
You are too injured to fight recklessly!
You are too injured to fight recklessly!
You are too injured to fight recklessly!
You closely miss the quokka. You peck the quokka.
The quokka is severely wounded.
The jackal bites you. The quokka bites you.
* * * LOW HITPOINT WARNING * * *
The jackal bites you but does no damage.
The jackal attacks as you move away! The jackal bites you.
* * * LOW HITPOINT WARNING * * *
You miss the quokka.
The quokka is severely wounded.
The quokka bites you but does no damage.
The quokka bites you.
You die...

#.#... .#.# #.#.##### ...
#........ ..# ##...#####
#.# ....).##########.#
#..
##....##.....†...###....#
#...........###hl†.....#
#..#.##.###.# #r###.##.#
#..#.##.# #.# #@#
....#.##.# #.# #.#
....#.##.# #.# #..
#####..... #.. ....
#..#.# #.. ..... #.....
..###.#### ### #.# #.#


You could see a quokka, a jackal and a frilled lizard.

Vanquished Creatures
  A giant cockroach (D:1)
  2 hobgoblins (D:1)
  A jackal (D:1)
  A bat (D:1)
  A frilled lizard (D:1)
  A kobold (D:1)
  2 rats (D:1)
9 creatures vanquished.

Notes
Turn   | Place    | Note
-------+----------+-------------------------------------------
     0 | D:1      | Leeroy the Tengu Warper began the quest for the Orb.
     0 | D:1      | Reached XP level 1. HP: 12/12 MP: 4/4
   121 | D:1      | Reached skill level 3 in Long Blades
   121 | D:1      | Reached XP level 2. HP: 17/17 MP: 6/6
   137 | D:1      | Slain by a quokka

Illustrated notes

Levels and vault maps discovered:
D:1:      spicycebolla_green_bress_n_ham, layout_loops_ring

Skill      XL: |  1 |
---------------+----+-----
Long Blades    | 3 |  3.1
Fighting       | |  2.0
Throwing       | |  1.0
Armour         | |  1.1
Dodging        | |  2.1
Spellcasting   | |  2.0
Translocations | |  2.4

Action                   || total
-------------------------++-------
Melee: Falchion          ||    25
       Kick              ||     5
       Peck              ||     4
Armor: Leather armour    ||    14
Dodge: Dodged            ||    17

Table legend: (Time is in decaauts)
 A = Elapsed time spent in this place.
 B = Non-inter-level travel time spent in this place.
 C = Inter-level travel time spent in this place.
 D = Time resting spent in this place.
 E = Time spent auto-exploring this place.
 F = Levels seen in this place.
 G = Mean time per level.
                   A        B        C        D        E       F      G
               +--------+--------+--------+--------+--------+-----+--------+
         Total |    140 |    134 |      6 |      0 |     72 |   1 |  140.0 |
       Dungeon |    140 |    134 |      6 |      0 |     72 |   1 |  140.0 |
               +--------+--------+--------+--------+--------+-----+--------+

Top non-repeatable levels by time:
     D:1: 140 daAuts
